 Dungeon Crawl Stone Soup version 0.30-a0-723-gc1506a1cf0 (webtiles) character file.

Game seed: 7238286084807802408

58413 timneilson the Carver (level 14, -1/87 HPs)
             Began as a Gargoyle Fighter on Jan 28, 2023.
             Was a High Priest of Okawaru.
             Slain by a 13-headed hydra (2 damage)
             ... on level 5 of the Lair of Beasts.
             The game lasted 00:48:41 (19952 turns).

timneilson the Carver (Gargoyle Fighter)           Turns: 19952, Time: 00:48:42

Health: -1/87      AC: 35    Str: 33    XL:     14   Next: 90%
Magic:  0/20       EV: 10    Int: 13    God:    Okawaru [*****.]
Gold:   1556       SH:  0    Dex: 14    Spells: 13/13 levels left

rFire   . . .      SeeInvis .    I - +2 war axe (flame)
rCold   + + +      Faith    .    o - +1 kite shield
rNeg    + . .      Spirit   +    A - +0 plate armour
rPois   ∞          Reflect  .    i - +2 helmet
rElec   +          Harm     .    p - +0 cloak
rCorr   .          Rampage  .    w - +0 pair of gloves
Will    +....                    H - +1 pair of boots "Geffaofu" {rC+ Dex+2} Stlth
                                 O - amulet of guardian spirit
HPRegen 0.34/turn                s - ring of the Inquisitive Knives {Contam rC+ Str+6 Int+3 Dex+3}
MPRegen 0.17/turn                y - ring of Obsession {rC+ Str+3}

@: confused, ambrosia-drunk, flying, studying 2 skills, invisible
A: sickness immunity, AC +10, big wings, negative energy resistance 1,
electricity resistance, torment resistance 1, petrification resistance
a: Renounce Religion, Heroism, Finesse, Duel


You were on level 5 of the Lair of Beasts.
You worshipped Okawaru.
Okawaru was extremely pleased with you.
You visited 3 branches of the dungeon, and saw 19 of its levels.

You collected 2620 gold pieces.
You spent 1064 gold pieces at shops.

Inventory:

Hand Weapons
 a - a +1 long sword of electrocution
 B - a +0 scimitar
 I - a +2 war axe of flaming (weapon)
Missiles
 N - 2 throwing nets (quivered)
Armour
 i - a +2 helmet (worn)
 o - a +1 kite shield (worn)
 p - a +0 cloak (worn)
 w - a +0 pair of gloves (worn)
 A - a +0 plate armour (worn)
 H - the +1 pair of boots "Geffaofu" (worn) {rC+ Dex+2}
   (Okawaru gifted it to you on level 4 of the Lair of Beasts)

   Dex:       It affects your dexterity (+2).
   rC:        It protects you from cold.
Jewellery
 e - a ring of resist corrosion
 s - the ring of the Inquisitive Knives (left hand) {Contam rC+ Str+6 Int+3 Dex+3}
   (You found it on level 9 of the Dungeon)

   [ring of strength]

   Str:       It affects your strength (+6).
   Int:       It affects your intelligence (+3).
   Dex:       It affects your dexterity (+3).
   rC:        It protects you from cold.
   Contam:    It causes magical contamination when unequipped.
 x - a +4 ring of protection
 y - the ring of Obsession (right hand) {rC+ Str+3}
   (You took it off a gnoll on level 5 of the Dungeon)

   [ring of protection from cold]

   Str:       It affects your strength (+3).
   rC:        It protects you from cold.
 C - a +6 ring of strength
 G - a ring of positive energy
 M - a ring of positive energy
 O - an amulet of guardian spirit (around neck)
 Q - a ring of ice
Wands
 c - a wand of flame (77)
 h - a wand of mindburst (12)
 l - a wand of iceblast (17)
Scrolls
 q - 6 scrolls of enchant weapon
 r - 6 scrolls of teleportation
 u - a scroll of amnesia
 D - a scroll of enchant armour
 E - 4 scrolls of silence
 J - 5 scrolls of identify
 L - 4 scrolls of fog
Potions
 b - a potion of cancellation
 d - 2 potions of might
 f - 3 potions of brilliance
 g - 3 potions of mutation
 j - 6 potions of magic
 m - 2 potions of invisibility
 n - 10 potions of attraction
 t - 2 potions of berserk rage
 z - 4 potions of lignification
 F - 4 potions of flight
 K - a potion of resistance


   Skills:
 + Level 9.8 Fighting
 * Level 14.2 Long Blades
 * Level 13.3 Armour
 + Level 6.9 Dodging
 * Level 13.3 Shields
 + Level 8.7 Invocations
 + Level 10.0 Evocations


You had 13 spell levels left.
You didn't know any spells.
Your spell library contained the following spells:

 Spells                   Type           Power      Damage    Failure   Level
 Kiss of Death            Conj/Necr      0%         2d5       97%         1
 Ensorcelled Hibernation  Hex/Ice        0%         N/A       99%         2
 Passwall                 Tmut/Erth      0%         N/A       99%         2
 Poisonous Vapours        Pois/Air       0%         N/A       99%         2
 Confusing Touch          Hex            0%         N/A       100%        3
 Mephitic Cloud           Conj/Pois/Air  0%         N/A       100%        3
 Stone Arrow              Conj/Erth      0%         3d7       100%        3
 Swiftness                Air            0%         N/A       100%        3
 Dispel Undead            Necr           0%         3d6       100%        4
 Passage of Golubria      Tloc           0%         N/A       100%        4
 Silence                  Hex/Air        0%         N/A       100%        5
 Lehudib's Crystal Spear  Conj/Erth      0%         10d2      100%        8
 Cigotuvi's Dreadful Rot  Necr/Pois/Air  Unusable   N/A       N/A         2
 Animate Armour           Summ/Erth      Unusable   N/A       N/A         4

Dungeon Overview and Level Annotations

Branches:
Dungeon (13/15)            Temple (1/1) D:4            Lair (5/5) D:9
  Swamp (0/4) Lair:3       Spider (0/4) Lair:3          Orc (0/2) D:10
  Slime: Lair:4-5    Vaults: D:13-14

Altars:
Ashenzari
Cheibriados
Dithmenos
Elyvilon
Fedhas
Gozag
Hepliaklqana
Kikubaaqudgha
Makhleb
Nemelex Xobeh
Okawaru
Qazlal
Ru
Sif Muna
Trog
Uskayaw
Vehumet
Wu Jian
Xom
Yredelemnul
Zin
The Shining One

Shops:
D:2 ?   D:4 *

Portals:
Trove: D:12 (give +4 ice dragon scales)

Annotations:
D:8 2 transporters, exclusion: orange crystal statue


Innate Abilities, Weirdness & Mutations

You are immune to sickness and miasma.
Your stone body is resilient. (AC +10)
You are immune to poison.
Your large and strong wings let you fly.
You resist negative energy. (rN+)
You are resistant to electric shocks. (rElec)
You are resistant to unholy torment.
You are immune to petrification.


Message History

The 13-headed hydra closely misses you. x2
You block the 13-headed hydra's attack. The 13-headed hydra closely misses you.
The 13-headed hydra barely misses you. The 13-headed hydra closely misses you.
The 13-headed hydra bites you. You block the 13-headed hydra's attack.
The 13-headed hydra bites you. The 13-headed hydra barely misses you.
The 13-headed hydra bites you but does no damage.
The 13-headed hydra barely misses you.
You are confused.
You feel invigorated.
You hear the faint crackling of a very distant melting archway.
The 13-headed hydra is no longer encased in ice.
The polar bear completely misses you. The polar bear barely misses you.
The polar bear misses you.
The 13-headed hydra bites you but does no damage.
The 13-headed hydra misses you. x2; The 13-headed hydra bites you.
* * * LOW HITPOINT WARNING * * *
The 13-headed hydra bites you.
* * * LOW HITPOINT WARNING * * *
The 13-headed hydra barely misses you.
The 13-headed hydra bites you but does no damage. x2
The 13-headed hydra closely misses you. The 13-headed hydra bites you!
* * * LOW HITPOINT WARNING * * *
The 13-headed hydra barely misses you. The 13-headed hydra bites you!
* * * LOW HITPOINT WARNING * * *
The 13-headed hydra bites you but does no damage.
Unknown command.
You're too confused to move!
The polar bear bites you!
* * * LOW HITPOINT WARNING * * *
The polar bear barely misses you.
The polar bear claws you but does no damage.
The 13-headed hydra bites you but does no damage.
The 13-headed hydra barely misses you.
The 13-headed hydra bites you but does no damage.
The 13-headed hydra closely misses you. The 13-headed hydra bites you.
* * * LOW HITPOINT WARNING * * *
The 13-headed hydra bites you but does no damage. x3
The 13-headed hydra barely misses you.
The 13-headed hydra bites you but does no damage.
The 13-headed hydra closely misses you. The 13-headed hydra bites you.
You die...

### #.# #......
#.#... #.....
###..# ##..D##
###<..#@#
#?....h##
#.......#
#..........
#P..........#
#..#....##.Y#
#.......#. ....
###...<#.....PYY
#.##. ... .#YS


You could see a 13-headed hydra (unable to see you) and a polar bear (unable to
see you).

Vanquished Creatures
  Rupert (D:13)
  Gastronok (D:12)
  Snorg (D:13)
  Josephine (D:12)
  3 hydras
  3 boulder beetles
  A centaur warrior (D:13)
  3 two-headed ogres
  6 death yaks (Lair:1)
  A tengu warrior (D:13)
  Urug (Lair:1)
  Sonja (D:11)
  Lodul (D:12)
  A pharaoh ant (Lair:2)
  A fire crab (Lair:3)
  A deep elf pyromancer (D:12)
  An orc knight (D:12)
  Pikel (D:7)
  A bog body (Lair:3)
  An ugly thing (D:13)
  2 cyclopes (D:12)
  6 elephants
  4 gargoyles
  6 black mambas
  2 rime drakes
  11 cane toads
  An unseen horror (D:12)
  3 kobold demonologists (D:13)
  6 komodo dragons
  2 tengu conjurers (D:13)
  3 polar bears
  4 trolls
  A tarantella (Lair:3)
  13 blink frogs
  5 dream sheep (Lair:5)
  Sigmund (D:2)
  A shadow (D:9)
  A vampire (D:12)
  5 wyverns
  8 wraiths
  4 fire bats (D:9)
  65 yaks
  5 basilisks
  A redback (Lair:3)
  Menkaure (D:5)
  4 wargs (D:10)
  An acid dragon (D:10)
  The ghost of Nabski the Firebug, an amateur TeFE of Makhleb (D:5)
  A hell hound (D:9)
  13 water moccasins
  Duvessa (D:7)
  4 black bears
  22 orc warriors
  2 ice beasts (D:5)
  8 ogres
  A phantom (D:6)
  6 centaurs
  9 bullfrogs
  2 kobold brigands
  4 necrophages
  3 gnoll sergeants (D:5)
  A scorpion (D:5)
  10 wights
  Dowan (D:7)
  12 howler monkeys
  2 jellies
  2 lava snakes (D:9)
  2 hounds
  9 orc priests
  Crazy Yiuf (D:2)
  A gnoll bouda (D:5)
  5 iguanas
  Ijyb (D:3)
  14 orc wizards
  Robin (D:1)
  10 gnolls
  6 adders
  2 shadow imps (D:5)
  2 white imps
  4 worms
  4 dart slugs
  47 orcs
  6 ball pythons
  5 bats
  4 endoplasms
  3 giant cockroaches
  17 goblins
  9 hobgoblins
  6 jackals
  5 quokkas
  18 kobolds
  6 rats
490 creatures vanquished.

Vanquished Creatures (others)
  A yak (Lair:3)
  2 demonic plants (D:6)
  3 fire vortices (D:9)
  33 fungi
  66 plants
105 creatures vanquished.

Grand Total: 595 creatures vanquished

Notes
Turn   | Place    | Note
-------+----------+-------------------------------------------
     0 | D:1      | timneilson the Gargoyle Fighter began the quest for the
                  | Orb.
     0 | D:1      | Reached XP level 1. HP: 14/14 MP: 1/1
    92 | D:1      | Reached XP level 2. HP: 19/19 MP: 2/2
    99 | D:1      | Reached skill level 2 in Long Blades
   418 | D:1      | Reached XP level 3. HP: 23/23 MP: 3/3
   712 | D:2      | Noticed Robin
   874 | D:1      | Killed Robin
   875 | D:1      | Reached XP level 4. HP: 9/28 MP: 4/4
  1098 | D:2      | Found Ragudug's Magic Scroll Shoppe.
  1133 | D:2      | Bought a scroll of brand weapon for 104 gold pieces
  1312 | D:2      | Found a runed translucent door.
  1313 | D:2      | Noticed Crazy Yiuf
  1399 | D:2      | Noticed Sigmund
  1406 | D:2      | Killed Sigmund
  1407 | D:2      | Reached skill level 3 in Long Blades
  1407 | D:2      | Reached skill level 1 in Dodging
  1407 | D:2      | Reached XP level 5. HP: 31/33 MP: 5/5
  1407 | D:2      | Reached XP level 6. HP: 36/38 MP: 6/6
  1439 | D:2      | Found a faded altar of an unknown god.
  1793 | D:2      | Killed Crazy Yiuf
  2059 | D:3      | Noticed Ijyb
  2076 | D:3      | Killed Ijyb
  2299 | D:3      | Found a snail-covered altar of Cheibriados.
  2796 | D:4      | Found Enegeaqa's Eclectic Emporium.
  2844 | D:4      | Reached skill level 5 in Armour
  2844 | D:4      | Reached skill level 5 in Shields
  2871 | D:4      | Found a staircase to the Ecumenical Temple.
  2881 | Temple   | Entered the Ecumenical Temple
  2883 | Temple   | Reached XP level 7. HP: 43/43 MP: 7/7
  3182 | Temple   | Became a worshipper of Warmaster Okawaru
  3386 | D:4      | Found an opulent altar of Gozag.
  3396 | D:4      | Found a blossoming altar of Fedhas.
  3924 | D:5      | Entered Level 5 of the Dungeon
  3992 | D:5      | Found a transporter.
  3998 | D:5      | Found a transporter.
  4002 | D:5      | Noticed Nabski's ghost (amateur TeFE)
  4067 | D:5      | Reached skill level 1 in Invocations
  4137 | D:5      | Reached skill level 4 in Long Blades
  4137 | D:5      | Reached skill level 1 in Evocations
  4191 | D:4      | Reached * piety under Okawaru
  4192 | D:4      | Reached XP level 8. HP: 24/48 MP: 9/9
  4340 | D:5      | Noticed Menkaure
  4346 | D:5      | Killed Menkaure
  4424 | D:5      | Found a stormy altar of Qazlal.
  4578 | D:5      | Identified the +6 ring mail of the Abyss {rF- rN+ Int+3}
  4583 | D:5      | Identified the ring of Obsession {rC+ Str+3}
  4839 | D:5      | Reached ** piety under Okawaru
  4840 | D:5      | Reached skill level 5 in Fighting
  4915 | D:6      | Reached skill level 5 in Long Blades
  4932 | D:6      | Reached XP level 9. HP: 54/54 MP: 9/11
  5610 | D:6      | Identified a scroll of acquirement
  5610 | D:6      | Acquired 660 gold pieces
  5668 | D:4      | Bought a manual of Evocations for 960 gold pieces
  5729 | D:7      | Noticed Duvessa
  5729 | D:7      | Noticed Dowan
  5738 | D:7      | Killed Duvessa
  5756 | D:7      | Killed Dowan
  5955 | D:7      | Noticed Pikel
  5979 | D:7      | Killed Pikel
  6137 | D:7      | Identified the +4 sling of Theory {flame, rC- Int+5 Dex+2}
  6189 | D:7      | Reached *** piety under Okawaru
  6225 | D:7      | Reached skill level 6 in Long Blades
  6870 | D:5      | Reached XP level 10. HP: 43/60 MP: 10/12
  6877 | D:5      | HP: 3/60 [gnoll/+2 halberd of venom (3)]
  7153 | D:5      | Killed Nabski's ghost
  7522 | D:8      | Found a white marble altar of Elyvilon.
  7883 | D:8      | Found a transporter.
  7885 | D:8      | Noticed a centaur warrior
  7885 | D:8      | Noticed a green ugly thing
  7886 | D:8      | Noticed a cyclops
  7887 | D:8      | Noticed a boulder beetle
  7890 | D:8      | Noticed an orange crystal statue
  7891 | D:8      | Noticed a deep elf pyromancer
  7904 | D:8      | Found a transporter.
  8153 | D:8      | Reached skill level 7 in Long Blades
  8414 | D:9      | Identified the ring of the Inquisitive Knives {Contam rC+
                  | Str+6 Int+3 Dex+3}
  8456 | D:9      | Reached **** piety under Okawaru
  8669 | D:9      | Reached skill level 5 in Evocations
  8710 | D:9      | Reached skill level 8 in Long Blades
  8710 | D:9      | Reached XP level 11. HP: 64/66 MP: 14/14
  8745 | D:9      | Reached skill level 5 in Invocations
  9019 | D:9      | Found a shimmering blue altar of Sif Muna.
  9380 | D:9      | Found a staircase to the Lair.
  9745 | D:10     | Entered Level 10 of the Dungeon
  9917 | D:10     | Noticed a two-headed ogre
  9938 | D:10     | Killed a two-headed ogre
 10167 | D:10     | Reached skill level 9 in Long Blades
 10278 | D:10     | Found a staircase to the Orcish Mines.
 11508 | D:11     | Reached skill level 10 in Shields
 11513 | D:11     | Identified the +7 dagger of Siduank {vamp, rN+ rCorr Int+2
                  | Dex+4}
 11570 | D:11     | Reached skill level 10 in Armour
 11816 | D:11     | Noticed Sonja
 11819 | D:11     | Killed Sonja
 11820 | D:11     | Reached XP level 12. HP: 72/72 MP: 16/16
 12001 | D:12     | Noticed a boulder beetle
 12011 | D:12     | Noticed a two-headed ogre
 12028 | D:12     | Killed a two-headed ogre
 12029 | D:12     | Reached skill level 10 in Long Blades
 12029 | D:12     | Reached skill level 5 in Dodging
 12032 | D:12     | Killed a boulder beetle
 12033 | D:12     | Noticed a two-headed ogre
 12036 | D:12     | Killed a two-headed ogre
 12303 | D:12     | Noticed a boulder beetle
 12335 | D:12     | Killed a boulder beetle
 12349 | D:12     | Received a gift from Okawaru
 12470 | D:12     | Noticed Gastronok
 12505 | D:12     | Killed Gastronok
 12592 | D:12     | Reached skill level 11 in Long Blades
 12819 | D:12     | Found a portal to a secret trove of treasure.
 13069 | D:13     | Noticed a tengu warrior
 13094 | D:13     | Killed a tengu warrior
 13209 | D:13     | Noticed Josephine
 13210 | D:13     | Noticed Lodul
 13260 | D:12     | Killed Josephine
 13261 | D:12     | Reached XP level 13. HP: 71/78 MP: 15/18
 13273 | D:12     | Killed Lodul
 13482 | D:13     | Reached ***** piety under Okawaru
 13553 | D:13     | Noticed Snorg
 13568 | D:13     | Killed Snorg
 13891 | D:13     | Noticed Rupert
 13905 | D:13     | Killed Rupert
 13906 | D:13     | Reached skill level 12 in Long Blades
 13956 | D:13     | Identified the +1 robe of Mysticism {Dex+3}
 14157 | Lair:1   | Entered Level 1 of the Lair of Beasts
 14388 | Lair:1   | Identified the +0 cloak "Julenaro" {Drain rC+ Str+5}
                  | (Okawaru gifted it to you on level 1 of the Lair of Beasts)
 14388 | Lair:1   | Received a gift from Okawaru
 14620 | Lair:1   | Noticed Urug
 14641 | Lair:1   | Killed Urug
 15635 | Lair:2   | Gained mutation: Your large and strong wings let you fly.
                  | [Gargoyle growth]
 15635 | Lair:2   | Reached XP level 14. HP: 67/86 MP: 16/20
 15960 | Lair:2   | Reached skill level 13 in Long Blades
 17194 | Lair:3   | Found a staircase to the Swamp.
 17798 | Lair:3   | Found a hole to the Spider Nest.
 19050 | Lair:4   | Identified the +1 pair of boots "Geffaofu" {rC+ Dex+2}
                  | (Okawaru gifted it to you on level 4 of the Lair of Beasts)
 19050 | Lair:4   | Received a gift from Okawaru
 19154 | Lair:4   | Reached skill level 14 in Long Blades
 19829 | Lair:5   | Entered Level 5 of the Lair of Beasts
 19884 | Lair:5   | Reached skill level 10 in Evocations
 19952 | Lair:5   | HP: 4/87 [polar bear (5)]
 19952 | Lair:5   | HP: 1/87 [13-headed hydra (3)]
 19952 | Lair:5   | Slain by a 13-headed hydra

Illustrated notes

Levels and vault maps discovered:
D:1:      ncdulo_lavacross, layout_basic, minmay_tetromino_i2
D:2:      layout_basic, serial_shops, shop, chequers_ecumenical_altar_lobes,
          kennysheep_decorative_pillar, minmay_box_of_dots, uniq_sigmund,
          uniq_crazy_yiuf_cottage, uniq_robin
D:3:      layout_basic, mainiacjoe_overflow_surrounded_room, uniq_ijyb
D:4:      layout_loops_ring, nicolae_overflow_squiral,
          minmay_temple_entry_offerings, nicolae_alphabet_shops,
          nicolae_figureground_pulse
D:5:      layout_rooms, nicolae_qazlal_scattered_showers,
          gammafunk_ghost_gnarly_gnolls, chequers_avenue,
          kennysheep_minor_cross, uniq_menkaure
D:6:      wander_river, layout_rooms, dreamdust_princess_corridor,
          grunt_decor_cap
D:7:      layout_loops_ring, uniq_duvessa, uniq_pikel
D:8:      gammafunk_sealed_arena, layout_loops_cross, elyvilon_altar_1
D:9:      layout_basic, lemuel_doored_altar, minmay_lair_entry_grove,
          hangedman_incinerator
D:10:     layout_basic, minmay_orc_entry_temple_small, nooodl_orcs_dogs
D:11:     layout_roguey, interstate_on_off, uniq_sonja
D:12:     layout_roguey, enter_trove_2, special_room [special_room_orc],
          uniq_gastronok
D:13:     layout_rooms, uniq_josephine, uniq_rupert, uniq_snorg, uniq_lodul
Temple:   minmay_temple_bridge_d
Lair:1:   layout_regular_city, uniq_urug
Lair:2:   layout_layer_cave, lemuel_fruit_tree
Lair:3:   layout_cave_shapes, skrybe_swamp_entry_bodies,
          nicolae_spider_entry_lesser_pyramids, serial_bayou_shore_b
Lair:4:   nzn_winding_woodlands_small [nzn_winding_woodlands_5x15_cabin,
          nzn_winding_woodlands_center_garden, nzn_winding_woodlands_5x15_pool],
          layout_concentric_octagons
Lair:5:   evil_forest, layout_loops_ring, minmay_slime_entry_oklob_open,
          portal_ice_cave_entry_ice_simulacra, special_room
          [special_room_mythical_zoo], infiniplex_staircase_pool_2

Skill      XL: |  1  2  3  4  5  6  7  8  9 10 11 12 13 14 |
---------------+-------------------------------------------+-----
Long Blades    | 2 3 4 5 6 8 9 11 12 14 | 14.2
Armour         | 4 5 6 7 8 10 11 12 13 | 13.3
Shields        | 4 5 6 7 8 10 11 12 13 | 13.3
Fighting       | 4 5 6 7 8 9 |  9.8
Dodging        | 1 2 3 4 5 6 |  6.9
Invocations    | 1 2 3 4 6 7 8 |  8.7
Evocations     | 1 2 3 5 6 7 9 10 | 10.0

Action                     |  1- 3 |  4- 6 |  7- 9 | 10-12 | 13-15 || total
---------------------------+-------+-------+-------+-------+-------++-------
  Melee: Long sword        |   108 |   197 |   420 |  1124 |  1210 ||  3059
         War axe           |       |       |       |       |    26 ||    26
 Invoke: Heroism           |       |       |     3 |    24 |    11 ||    38
         Finesse           |       |       |       |     1 |     1 ||     2
  Evoke: Wand              |       |       |       |     9 |     3 ||    12
    Use: Scroll            |     4 |     6 |     7 |    11 |     3 ||    31
         Potion            |       |       |     2 |     5 |     7 ||    14
 Armour: Scale mail        |    62 |    87 |       |       |       ||   149
         Chain mail        |       |    36 |   369 |   133 |       ||   538
         Plate armour      |       |       |       |   440 |   617 ||  1057
  Dodge: Dodged            |    50 |    65 |   161 |   301 |   422 ||   999
  Block: Buckler           |    29 |    13 |       |       |       ||    42
         Kite shield       |       |    56 |   299 |   585 |   755 ||  1695

Table legend: (Time is in decaauts)
 A = Elapsed time spent in this place.
 B = Non-inter-level travel time spent in this place.
 C = Inter-level travel time spent in this place.
 D = Time resting spent in this place.
 E = Time spent auto-exploring this place.
 F = Levels seen in this place.
 G = Mean time per level.
                   A        B        C        D        E       F      G
               +--------+--------+--------+--------+--------+-----+--------+
         Total |  20001 |  19097 |    904 |   1769 |  11512 |  19 | 1052.7 |
       Dungeon |  13981 |  13304 |    677 |   1249 |   7836 |  13 | 1075.5 |
        Temple |    375 |    228 |    147 |      0 |    214 |   1 |  375.0 |
          Lair |   5645 |   5566 |     79 |    520 |   3462 |   5 | 1129.0 |
               +--------+--------+--------+--------+--------+-----+--------+

Top non-repeatable levels by time:
  Lair:2: 1675 daAuts
     D:5: 1460 daAuts
  Lair:4: 1445 daAuts
  Lair:1: 1367 daAuts
     D:8: 1314 daAuts
    D:12: 1293 daAuts
     D:9: 1139 daAuts
    D:10: 1119 daAuts
     D:2: 1076 daAuts
  Lair:3: 1056 daAuts
     D:7: 1046 daAuts
     D:4: 1037 daAuts
    D:11: 999 daAuts
     D:1: 891 daAuts
    D:13: 879 daAuts
